 Dungeon Crawl Stone Soup version 0.27.1-34-g3ba077fa99 (webtiles) character file.

Game seed: 10866141963002839123

172 lonewolfV2 the Skirmisher (level 5, -2/47 HPs)
             Began as a Hill Orc Fighter on Jan 7, 2022.
             Killed by divine providence
             ... invoked by an orc priest
              (12 damage)
             ... on level 3 of the Dungeon.
             The game lasted 00:04:46 (2426 turns).

lonewolfV2 the Skirmisher (Hill Orc Fighter)        Turns: 2426, Time: 00:04:48

Health: -2/47      AC:  7    Str: 20    XL:     5   Next: 52%
Magic:  5/5        EV:  7    Int:  8    God:
Gold:   96         SH:  9    Dex: 10    Spells: 4/4 levels left

rFire    . . .     SeeInvis .   a - +1 war axe
rCold    . . .     Faith    .   c - +0 kite shield
rNeg     . . .     Spirit   .   b - +0 scale mail
rPois    .         Reflect  .   (no helmet)
rElec    .         Harm     .   (no cloak)
rCorr    .         Rampage  .   (no gloves)
Will     .....                  (no boots)
Stlth    ..........             (no amulet)
HPRegen  0.15/turn              (no ring)
MPRegen  0.09/turn              (no ring)

@: no status effects
A: no striking features
a: Convert to Beogh


You were on level 3 of the Dungeon.
You visited 1 branch of the dungeon, and saw 3 of its levels.

You collected 96 gold pieces.

Inventory:

Hand Weapons
 a - a +1 war axe (weapon)
Armour
 b - a +0 scale mail (worn)
 c - a +0 kite shield (worn)
Scrolls
 e - a scroll of magic mapping
 f - a scroll of noise {unknown}
Potions
 d - a potion of might
 g - a potion of attraction
 h - a potion of flight
 i - a potion of lignification


   Skills:
 + Level 4.6 Fighting
 + Level 4.3 Axes
 + Level 4.4 Armour
 + Level 0.8 Dodging
 + Level 4.1 Shields


You had 4 spell levels left.
You didn't know any spells.
Your spell library was empty.

Dungeon Overview and Level Annotations

Branches:
Dungeon (3/15)

Altars:

Shops:
D:2 =


Message History

You block the orc's attack.
You hit the orc but do no damage.
The orc is heavily wounded.
The orc priest shouts, "Join the one true god or die!"
The orc hits you with a +0 dagger.
The orc priest calls upon Beogh to heal the orc.
The orc's wounds heal themselves!
You hit the orc but do no damage.
The orc priest shouts, "Join the one true god or die!"
The orc hits you but does no damage. x2
You closely miss the orc. The orc hits you with a +0 dagger.
You hit the orc but do no damage. The orc hits you but does no damage.
You barely miss the orc. You hit the orc.
The orc is lightly wounded.
The orc hits you but does no damage. x2
You completely miss the orc.
The orc is lightly wounded.
The orc barely misses you.
You barely miss the orc.
The orc is lightly wounded.
You block the orc's attack. The orc hits you with a +0 hand axe.
* * * LOW HITPOINT WARNING * * *
You closely miss the orc.
The orc is lightly wounded.
The orc barely misses you.
You slash the orc!
You kill the orc!
You block the adder's attack.
You slash the adder!
You kill the adder!
The orc priest begins to cast a cantrip, but forgets the words!
You barely miss the orc. The orc closely misses you. The orc barely misses you.
You hit the orc.
The orc is moderately wounded.
The orc hits you with a +0 club.
* * * LOW HITPOINT WARNING * * *
The orc priest invokes the aid of Beogh against you.
Beogh smites you!
You die... #... ... ..... #..# ... #... ###..#### .. #... #...<.... ..... #.###.### .#o. #.....# So#

####..### #...... #o#
#..... #......##@# #.##..
#......##.# #....#
#......##.### # #.###.
#......##...#.# .#####.
#......####.#.# ...##.
#.............########.##+
#...........#.............
#...........#.......†.....
######......#.......).....


You could see an orc priest, 2 orcs and a ball python.

Vanquished Creatures
  Natasha (thrice) (D:2)
  4 adders
  2 worms (D:2)
  A dart slug (D:2)
  2 orcs (D:3)
  6 endoplasms
  4 giant cockroaches
  3 goblins
  4 hobgoblins
  2 quokkas (D:1)
  7 ball pythons
  4 bats
  A frilled lizard (D:2)
  6 kobolds
  4 rats (D:1)
53 creatures vanquished.

Notes
Turn   | Place    | Note
-------+----------+-------------------------------------------
     0 | D:1      | lonewolfV2 the Hill Orc Fighter began the quest for the
                  | Orb.
     0 | D:1      | Reached XP level 1. HP: 19/19 MP: 1/1
   253 | D:1      | Reached XP level 2. HP: 27/27 MP: 2/2
   874 | D:2      | Noticed Natasha
   881 | D:2      | Killed Natasha
   882 | D:2      | Reached XP level 3. HP: 28/33 MP: 3/3
   983 | D:2      | Reached XP level 4. HP: 27/40 MP: 4/4
  1156 | D:2      | Noticed Natasha
  1165 | D:2      | Killed Natasha
  1441 | D:2      | Noticed Natasha
  1451 | D:2      | Killed Natasha
  1452 | D:2      | Reached XP level 5. HP: 36/47 MP: 5/5
  1686 | D:2      | Found a faded altar of an unknown god.
  1965 | D:2      | Found Otweax's Jewellery Emporium.
  2426 | D:3      | Killed from afar by an orc priest

Illustrated notes

Levels and vault maps discovered:
D:1:      wander_arrival_chamber, layout_loops_ring, minmay_misc_feat_alley,
          minmay_statues_item
D:2:      layout_basic, ebering_ecumenical_altar_abandoned, serial_shops,
          nicolae_shop_crystal, skrybe_limestone_x, uniq_natasha
D:3:      layout_basic, gammafunk_ghost_icy, item_on_display_b

Skill      XL: |  1  2  3  4 |
---------------+-------------+-----
Fighting       | 4 |  4.6
Axes           | 3 4 |  4.3
Armour         | 4 |  4.4
Shields        | 4 |  4.1
Dodging        | |  0.8

Action                   |  1- 3 |  4- 6 || total
-------------------------+-------+-------++-------
Melee: War axe           |    69 |    96 ||   165
  Use: Scroll            |     7 |     2 ||     9
Armor: Scale mail        |    32 |    41 ||    73
Dodge: Dodged            |    37 |    35 ||    72
Block: Kite shield       |    41 |    60 ||   101
